 Dungeon Crawl Stone Soup version 0.10.0-14-ga75c42d character file.

13393 apm00dy the Fighter (level 11, -2/112 HPs)
             Began as a Minotaur Transmuter on Feb 28, 2012.
             Was a High Priest of Sif Muna.
             Killed from afar by a deep elf mage (25 damage)
             ... with a fireball
             ... on Level 11 of the Dungeon.
             The game lasted 01:55:46 (14109 turns).

apm00dy the Fighter (Minotaur Transmuter)          Turns: 14109, Time: 01:55:47

HP  -2/112       AC 12     Str 15      XL: 11   Next: 87%
MP   7/21        EV 24     Int 17      God: Sif Muna [*****.]
Gold 239         SH  0     Dex 20      Spells:  9 memorised,  2 levels left

Res.Fire  : x . .   See Invis. : .     - Unarmed
Res.Cold  : + + +   Warding    : + . n - melded +2 orc robe
Life Prot.: + . .   Conserve   : .   (shield currently unavailable)
Res.Acid. : . . .   Res.Corr.  : .   (helmet currently unavailable)
Res.Poison: +       Clarity    : .   A - +0 cloak of Shryustry {Dex+4 Int+4}
Res.Elec. : .       Spirit.Shd : .   (gloves currently unavailable)
Sust.Abil.: . .     Stasis     : .   e - melded +0 pair of boots
Res.Mut.  : .       Ctrl.Telep.: .   u - amulet of warding
Res.Rott. : .       Levitation : .   O - +1 ring of evasion
Saprovore : . . .   Ctrl.Flight: .   l - cursed +6 ring of protection

@: ice-form, agile, mildly poisoned, somewhat resistant to hostile enchantments,
stealthy
A: (retaliatory headbutt), (horns 0)
a: End Transformation, Channel Energy, Forget Spell, Renounce Religion


You were on level 11 of the Dungeon.
You worshipped Sif Muna.
Sif Muna was exalted by your worship.
You were not hungry.
You were a creature of crystalline ice.
You visited 2 branches of the dungeon, and saw 12 of its levels.

You collected 435 gold pieces.
You spent 216 gold pieces at shops.

Inventory:

Missiles
 g - a poisoned +0 needle
 W - 4 +0 arrows
Armour
 e - a +0 pair of boots (melded)
 n - a +2 orcish robe (melded)
 A - the +0 cloak of Shryustry (worn) {Dex+4 Int+4}
   (You found it on level 9 of the Dungeon)

   It affects your intelligence (+4).
   It affects your dexterity (+4).
 I - a +0 robe
 Q - a +1 dwarven cloak
 X - a +1 orcish robe
Magical devices
 b - a wand of magic darts (11) {unknown}
 v - a wand of lightning (9) {unknown}
 C - a wand of disintegration (7)
 N - a wand of flame (18) {unknown}
Comestibles
 a - 3 bread rations (quivered)
 m - 2 meat rations
 r - an apple
Scrolls
 f - 2 scrolls of enchant weapon I {unknown}
 h - a scroll of silence {unknown}
 i - a scroll of enchant weapon II {unknown}
 j - 2 scrolls of fear
 k - a scroll of amnesia {unknown}
 o - a scroll of blinking {unknown}
 q - 2 scrolls of remove curse
 t - a scroll of recharging {unknown}
 x - a scroll of curse weapon {unknown}
 y - 2 scrolls of random uselessness {unknown}
 E - a scroll of summoning {unknown}
 G - a scroll of curse armour {unknown}
 H - a scroll of immolation {unknown}
 L - 10 scrolls of identify
 T - a scroll of vorpalise weapon {unknown}
 U - a scroll of fog {unknown}
Jewellery
 c - an uncursed amulet of resist corrosion
 l - a cursed +6 ring of protection (left paw)
 p - an uncursed ring of protection from magic
 s - a +3 ring of evasion
 u - an amulet of warding (around neck)
 B - a +2 ring of strength
 K - an uncursed ring of ice
 O - a +1 ring of evasion (right paw)
Potions
 D - a potion of degeneration {unknown}
 R - 2 potions of paralysis {unknown}
 S - a potion of resistance {unknown}
 V - a potion of cure mutation
Books
 d - a book of Changes

   Spells                             Type                      Level
   *Beastly Appendage                 Transmutation                1
   *Sticks to Snakes                  Transmutation                2
   *Spider Form                       Transmutation/Poison         3
   *Ice Form                          Ice/Transmutation            4
   Blade Hands                        Transmutation                5
 w - a book of Minor Magic

   Spells                             Type                      Level
   Magic Dart                         Conjuration                  1
   Blink                              Translocation                2
   *Call Imp                          Summoning                    2
   Repel Missiles                     Charms/Air                   2
   *Slow                              Hexes                        2
   Conjure Flame                      Conjuration/Fire             3
   Mephitic Cloud                     Conjuration/Poison/Air       3
 J - a book of Debilitation

   Spells                             Type                      Level
   *Corona                            Hexes                        1
   *Slow                              Hexes                        2
   *Inner Flame                       Hexes/Fire                   3
   Enslavement                        Hexes                        4
   Cause Fear                         Hexes                        4
 M - a book of Wizardry

   Spells                             Type                      Level
   *Summon Elemental                  Summoning                    4
   Agony                              Necromancy                   5
   Lightning Bolt                     Conjuration/Air              5
   Fireball                           Conjuration/Fire             5
   Haste                              Charms                       6
   Invisibility                       Hexes                        6
Miscellaneous
 z - a plain deck of war
 P - a lamp of fire


   Skills:
 - Level 12,1 Fighting
 - Level 10,0 Dodging
 - Level 5,0 Unarmed Combat
 * Level 7,4 Spellcasting
 - Level 2,0 Hexes
 - Level 3,0 Summonings
 - Level 6,0 Transmutations
 - Level 3,0 Fire Magic


You had 2 spell levels left.
You knew the following spells:

 Your Spells              Type           Power        Failure   Level  Hunger
a - Beastly Appendage     Trmt           #####..      1%          1    None
b - Spider Form           Pois/Trmt      ####......   12%         3    Strawberry
c - Sticks to Snakes      Trmt           #####.....   1%          2    None
d - Ice Form              Ice/Trmt       ####......   38%         4    Honeycomb
e - Corona                Hex            ###.....     6%          1    None
f - Slow                  Hex            ###......    10%         2    None
g - Inner Flame           Fire/Hex       ###......    14%         3    Strawberry
h - Summon Elemental      Summ           ####......   38%         4    Honeycomb
i - Call Imp              Summ           ####......   6%          2    None


Dungeon Overview and Level Annotations

Branches:
Dungeon (11/27)            Temple (1/1) D:4             Orc (0/4) D:8
   Lair: D:8-13

Altars:
Ashenzari
Cheibriados
Elyvilon
Fedhas
Kikubaaqudgha
Nemelex Xobeh
Okawaru
Sif Muna
The Shining One
Vehumet
Yredelemnul

Shops:
D:4: / D:7: * D:10: ?(


Innate Abilities, Weirdness & Mutations

((You reflexively headbutt those who attack you in melee.))*
((You have a pair of horns on your head.))*


Message History

Casting: Call Imp
Confirm with . or Enter, or press ? or * to list all spells.
A beastly little devil appears in a puff of flame.
It hits your crimson imp but does no damage.
The naga mage disappears!
Casting: Call Imp
Confirm with . or Enter, or press ? or * to list all spells.
A beastly little devil appears in a puff of frigid air.
Your crimson imp hits it.
Casting: Call Imp
Confirm with . or Enter, or press ? or * to list all spells.
A beastly little devil appears in a puff of frigid air.
* * * LOW HITPOINT WARNING * * *
You feel sick.
You feel a little better.
You hear some strange, mumbled words.
The fireball explodes!
The fire burns you terribly!
One of your 3 scrolls of fear catches fire!
Your scroll labeled PAR AMPAMEAPA catches fire!
You die...

#### ######+##+#
#..####.... %...
######.⌠#..#..####..####
........'..#...........
#####..⌠#..'..####5)####..+
#...'..#..55I..5......#
#..)#..#..####..####..#
#...####.... .{.... #..)#
######+##+### ###.# #.# #.#
#.# #.#


You could see friendly 2 crimson imps and friendly 2 white imps.

Vanquished Creatures
  The ghost of DonAves the Covert, an experienced OpSt (D:10)
  2 hill giants (D:10)
  A naga mage (D:11)
  Prince Ribbit (D:6)
  The ghost of 0nan the Covert, an experienced NaMo of Cheibriados (D:6)
  3 yaks (D:10)
  2 hungry ghosts
  A hippogriff (D:9)
  A necrophage (D:10)
  The ghost of Druvid the Sneak, an average KoBe of Trog (D:3)
  Menkaure (D:6)
  2 ice beasts
  2 phantoms
  14 orc warriors
  3 centaurs
  6 ogres
  7 giant frogs
  A deep elf mage (D:11)
  A big kobold (D:10)
  A gnoll sergeant (D:10)
  5 crimson imps
  6 orc priests
  A shadow (D:8)
  5 hounds
  A gnoll shaman (D:6)
  2 scorpions
  A worker ant zombie (D:8)
  2 iguanas
  A jelly (D:3)
  4 worker ants
  10 orc wizards
  Ijyb (D:2)
  Terence (D:3)
  A mummy (D:9)
  14 gnolls
  10 adders
  A giant centipede (D:9)
  2 giant mites
  An adder skeleton (D:10)
  An iguana skeleton (D:9)
  2 worms
  A giant eyeball (D:8)
  8 giant geckos
  An ooze (D:2)
  86 orcs
  20 bats
  8 giant cockroaches
  16 hobgoblins
  5 quokkas
  5 ball pythons
  7 giant newts
  A giant spore (D:8)
  14 goblins
  9 jackals
  A jackal zombie (D:8)
  17 kobolds
  2 kobold skeletons
  An orc skeleton (D:7)
  2 orc zombies
  21 rats
  2 rat skeletons (D:5)
  16 ballistomycetes
  8 toadstools
375 creatures vanquished.

Vanquished Creatures (collateral kills)
  A troll (D:10)
  An orc priest (D:10)
  A gnoll (D:10)
  A worm (D:10)
  8 orcs
  A giant spore (D:10)
13 creatures vanquished.

Vanquished Creatures (others)
  5 crimson imps (D:10)
  2 shadow imps (D:10)
  6 white imps (D:10)
  A bat zombie (D:10)
  2 orcs (D:10)
  A kobold (D:10)
  5 orc skeletons (D:10)
  A rat (D:9)
  46 toadstools
69 creatures vanquished.

Grand Total: 457 creatures vanquished

Notes
Turn   | Place    | Note
--------------------------------------------------------------
     0 | D:1      | apm00dy, the Minotaur Transmuter, began the quest for the Orb.
     0 | D:1      | Reached XP level 1. HP: 16/16 MP: 1/1
   260 | D:1      | Reached XP level 2. HP: 5/23 MP: 1/1
   904 | D:2      | Found a white marble altar of Elyvilon.
   907 | D:2      | Noticed Ijyb
   933 | D:2      | Killed Ijyb
   933 | D:2      | Reached XP level 3. HP: 20/29 MP: 0/3
  1260 | D:2      | Reached XP level 4. HP: 36/36 MP: 2/3
  1639 | D:3      | Learned a level 3 spell: Spider Form
  1652 | D:3      | Reached skill level 4 in Transmutations
  2113 | D:3      | Reached XP level 5. HP: 19/42 MP: 2/3
  2370 | D:3      | Noticed Terence
  2376 | D:3      | Noticed Druvid's ghost (average KoBe)
  2376 | D:3      | Killed Terence
  2376 | D:3      | Reached skill level 5 in Fighting
  2468 | D:2      | Learned a level 2 spell: Sticks to Snakes
  2561 | D:3      | Killed Druvid's ghost
  2561 | D:3      | Reached skill level 6 in Fighting
  2561 | D:3      | Reached XP level 6. HP: 15/51 MP: 1/5
  2780 | D:3      | Found a blossoming altar of Fedhas.
  3149 | D:4      | Found a staircase to the Ecumenical Temple.
  3156 | Temple   | Entered the Ecumenical Temple
  3197 | Temple   | Became a worshipper of Sif Muna the Loreminder
  3601 | D:4      | Found Wiossioc's Magical Wand Shoppe.
  3606 | D:4      | Bought a wand of disintegration (7) for 121 gold pieces
  3932 | D:5      | Entered Level 5 of the Dungeon
  4268 | D:5      | Reached XP level 7. HP: 58/58 MP: 6/7
  4645 | D:5      | Reached skill level 7 in Fighting
  4785 | D:6      | Acquired Sif Muna's first power
  4894 | D:6      | Noticed Prince Ribbit
  4908 | D:6      | Killed Prince Ribbit
  4908 | D:6      | Reached XP level 8. HP: 56/67 MP: 2/11
  4923 | D:6      | Learned a level 4 spell: Ice Form
  5062 | D:6      | Noticed 0nan's ghost (experienced NaMo)
  5258 | D:6      | Noticed Menkaure
  5291 | D:6      | Killed Menkaure
  5291 | D:6      | Reached skill level 8 in Fighting
  5628 | D:6      | Killed 0nan's ghost
  5628 | D:6      | Acquired Sif Muna's second power
  6708 | D:7      | Reached XP level 9. HP: 45/74 MP: 13/15
  6851 | D:7      | Found Zezxefah's General Store.
  6862 | D:7      | Bought a scroll of teleportation for 39 gold pieces
  7099 | D:7      | Reached skill level 5 in Spellcasting
  7570 | D:8      | Reached skill level 9 in Fighting
  7570 | D:8      | Reached skill level 5 in Transmutations
  7575 | D:8      | Found a staircase to the Orcish Mines.
  8434 | D:8      | Reached skill level 10 in Fighting
  9257 | D:9      | Got a shimmering cloak
  9266 | D:9      | Identified the +0 cloak of Shryustry (You found it on level 9 of the Dungeon)
  9313 | D:10     | Entered Level 10 of the Dungeon
  9313 | D:10     | Noticed DonAves' ghost (experienced OpSt)
  9329 | D:10     | Killed DonAves' ghost
  9329 | D:10     | Reached skill level 11 in Fighting
  9506 | D:10     | Found Igeesal's Antique Weapon Shop.
  9914 | D:9      | Reached XP level 10. HP: 64/86 MP: 2/16
 10336 | D:9      | Learned a level 1 spell: Corona
 10344 | D:9      | Learned a level 2 spell: Slow
 10349 | D:9      | Learned a level 3 spell: Inner Flame
 10698 | D:9      | Found an ancient bone altar of Kikubaaqudgha.
 10708 | D:10     | Found Klin's Magic Scroll Shop.
 10753 | D:10     | Reached skill level 12 in Fighting
 11096 | D:10     | Reached skill level 1 in Hexes
 11230 | D:10     | Reached skill level 1 in Fire Magic
 11268 | D:10     | Reached skill level 5 in Unarmed Combat
 11286 | D:10     | Reached skill level 5 in Dodging
 11358 | D:10     | Acquired Sif Muna's third power
 11358 | D:10     | Reached XP level 11. HP: 16/94 MP: 4/20
 12301 | D:8      | Learned a level 4 spell: Summon Elemental
 12690 | D:10     | Bought a scroll of fear for 56 gold pieces
 12782 | D:10     | Reached skill level 10 in Dodging
 12800 | D:10     | Learned a level 2 spell: Call Imp
 12867 | D:10     | Reached skill level 1 in Summonings
 13986 | D:11     | Noticed a deep elf mage
 14002 | D:11     | Killed a deep elf mage
 14085 | D:11     | Noticed a naga mage
 14085 | D:11     | Noticed a naga mage
 14087 | D:11     | Noticed a deep elf mage
 14095 | D:11     | Killed a naga mage
 14096 | D:11     | Paralysed by it for 4 turns
 14109 | D:11     | Killed from afar by a deep elf mage
